 Dungeon Crawl Stone Soup version 0.31.0-12-g77e489cdc1 (webtiles) character file.

Game seed: 11291439641868259356

197758 nightchill the Brawler (level 17, -36/213 HPs)
             Began as a Troll Fighter on Feb 21, 2024.
             Was an Elder of Okawaru.
             Killed by an exploding bloated husk (41 damage)
             ... on level 2 of the Swamp on Feb 22, 2024.
             The game lasted 01:25:59 (29652 turns).

nightchill the Brawler (Troll Fighter)             Turns: 29652, Time: 01:25:59

Health: -36/213    AC: 12    Str: 39    XL:     17   Next: 79%
Magic:  23/23      EV: 11    Int:  1    God:    Okawaru [****..]
Gold:   2151       SH:  0    Dex:  9    Spells: 16/16 levels left

rFire   + +          .
                       - Unarmed
rCold   + . .        b - melded +1 kite shield
rNeg    + + +        L - melded +1 swamp dragon scales of Bocidafa {rPois rN++ rCorr SInv Stlth-}
rPois   +            O - melded +3 hat of Pondering {ponderous, Will+ MP+10 Int+5}
rElec   .            Z - melded scarf of the Sea {repulsion, Will+ Stlth+}
rCorr   .            (gloves unavailable)
SInv    .            (boots unavailable)
Will    +....        D - amulet "Bestryvo" {rC+ rN+++ Regen+ Str+2 Int-5 Stlth+}
Stlth   ++++         i - ring of protection from fire
HPRegen 2.15/turn    W - ring of protection from fire
MPRegen 0.18/turn

%: no passive effects
@: about to teleport, snake-form, heroic, marked
A: constrict, boosted hp, large, unfitting armour, (claws 3), regeneration 1,
(shaggy fur 1), (tough skin 1)
}: 1/15 runes: serpentine
a: Begin Untransformation, Renounce Religion, Heroism, Finesse


You were on level 2 of the Swamp.
You worshipped Okawaru.
Okawaru was greatly pleased with you.
You were an enormous serpent.
You visited 5 branches of the dungeon, and saw 27 of its levels.
You also visited: Gauntlet.

You collected 3837 gold pieces.
You spent 1686 gold pieces at shops.

Inventory:

Hand Weapons
 w - a +1 scimitar of flaming
Missiles
 m - 9 javelins
 A - 52 large rocks (quivered)
 I - a throwing net
 K - 9 curare-tipped darts
 V - a datura-tipped dart
Armour
 a - a +0 tower shield
 b - a +1 kite shield (melded)
 l - the -2 hat of the Alchemist {rElec rPois rF+ rC+ rN+ Will+ rMut rCorr}
   (You acquired it on level 1 of the Swamp)

   rF+:       It protects you from fire.
   rC+:       It protects you from cold.
   rElec:     It insulates you from electricity.
   rPois:     It protects you from poison rN+: It protects you from negative
   energy.
   Will+:     It increases your willpower.
   rCorr:     It protects you from acid and corrosion.
   rMut:      It protects you from mutation.
 y - an orb of light
 L - the +1 swamp dragon scales of Bocidafa (melded) {rPois rN++ rCorr SInv Stlth-}
   (Okawaru gifted it to you on level 3 of the Snake Pit)

   rPois:     It protects you from poison rN++: It greatly protects you from
   negative energy.
   SInv:      It lets you see invisible.
   rCorr:     It protects you from acid and corrosion.
   Stlth-:    It makes you less stealthy.
 O - the +3 hat of Pondering (melded) {ponderous, Will+ MP+10 Int+5}
   (You took it off Gastronok on level 1 of the Lair of Beasts)

   Int+5:     It affects your intelligence (+5).
   Will+:     It increases your willpower.
   MP+10:     It affects your magic capacity (+10).
 Z - the scarf of the Sea (melded) {repulsion, Will+ Stlth+}
   (You bought it in a shop on level 10 of the Dungeon)

   Will+:     It increases your willpower.
   Stlth+:    It makes you more stealthy.
Jewellery
 i - a ring of protection from fire (left hand)
 j - a ring of willpower
 s - a ring of flight
 u - an amulet of magic regeneration
 D - the amulet "Bestryvo" (around neck) {rC+ rN+++ Regen+ Str+2 Int-5 Stlth+}
   (You bought it in a shop on level 8 of the Dungeon)

   [amulet of regeneration]

   Str+2:     It affects your strength (+2).
   Int-5:     It affects your intelligence (-5).
   rC+:       It protects you from cold.
   rN+++:     It renders you almost immune to negative energy.
   Regen+:    It increases your rate of health regeneration.
   Stlth+:    It makes you more stealthy.
 M - a +6 ring of strength
 P - a ring of protection from cold
 R - a +4 ring of protection
 U - a ring of poison resistance
 W - a ring of protection from fire (right hand)
Talismans
 N - a serpent talisman (active)
Wands
 n - a wand of roots (24)
 E - a wand of flame (31)
 H - a wand of quicksilver (24)
 Q - a wand of mindburst (7)
 T - a wand of polymorph (15)
Scrolls
 d - 6 scrolls of vulnerability
 e - 6 scrolls of noise
 f - 3 scrolls of revelation
 k - 2 scrolls of enchant armour
 o - 5 scrolls of amnesia
 q - 5 scrolls of immolation
 v - a scroll of enchant weapon
 C - 6 scrolls of poison
 F - 2 scrolls of teleportation
 G - 3 scrolls of fog
 S - 2 scrolls of identify
 X - a scroll of butterflies
Potions
 c - 4 potions of might
 g - 4 potions of haste
 h - 4 potions of brilliance
 r - a potion of lignification
 t - 8 potions of mutation
 x - a potion of attraction
 z - a potion of berserk rage
 B - a potion of cancellation
 J - 8 potions of curing
Miscellaneous
 Y - a lightning rod (4/4)


   Skills:
 + Level 13.4(18.4) Fighting
 - Level 2.4(7.4) Dodging
 - Level 2.6(7.6) Shields
 * Level 20.3(25.3) Unarmed Combat
 - Level 9.5 Invocations
 * Level 15.5 Shapeshifting


You had 16 spell levels left.
You didn't know any spells.
Your spell library contained the following spells:

 Spells                   Type           Power      Damage    Failure   Level
 Freeze                   Ice            0%         1d3       56%         1
 Magic Dart               Conj           0%         1d3       56%         1
 Necrotise                Necr           0%         1d4       56%         1
 Sting                    Conj/Alch      0%         1d3       56%         1
 Blink                    Tloc           0%         N/A       71%         2
 Ensorcelled Hibernation  Hex/Ice        0%         N/A       71%         2
 Jinxbite                 Hex            0%         N/A       71%         2
 Mercury Vapours          Alch/Air       0%         N/A       71%         2
 Sublimation of Blood     Necr           0%         N/A       71%         2
 Dazzling Flash           Conj/Hex       0%         N/A       91%         3
 Frozen Ramparts          Ice            0%         1d1       91%         3
 Fugue of the Fallen      Necr           0%         N/A       91%         3
 Hailstorm                Conj/Ice       0%         3d5       91%         3
 Mephitic Cloud           Conj/Alch/Air  0%         N/A       91%         3
 Ozocubu's Armour         Ice            0%         N/A       91%         3
 Sigil of Binding         Hex            0%         N/A       91%         3
 Vampiric Draining        Necr           0%         2d6       91%         3
 Volatile Blastmotes      Fire/Tloc      0%         2d10      91%         3
 Anguish                  Hex/Necr       0%         N/A       100%        4
 Dimensional Bullseye     Hex/Tloc       0%         N/A       100%        4
 Fulminant Prism          Conj/Alch      0%         3d5       100%        4
 Ignite Poison            Fire/Alch      0%         N/A       100%        4
 Iskenderun's Mystic Bla  Conj/Tloc      0%         2d3       100%        4
 Olgreb's Toxic Radiance  Alch           0%         N/A       100%        4
 Passage of Golubria      Tloc           0%         N/A       100%        4
 Curse of Agony           Necr           0%         N/A       100%        5
 Silence                  Hex/Air        0%         N/A       100%        5
 Yara's Violent Unravell  Hex/Alch       0%         3d3       100%        5
 Starburst                Conj/Fire      0%         6d3       100%        6
 Enfeeble                 Hex            0%         N/A       100%        7
 Ozocubu's Refrigeration  Ice            0%         4d7       100%        7
 Discord                  Hex            0%         N/A       100%        8
 Lehudib's Crystal Spear  Conj/Erth      0%         10d2      100%        8
 Maxwell's Capacitive Co  Air            0%         ∞         100%        8
 Call Imp                 Summ           Unusable   N/A       N/A         2
 Call Canine Familiar     Summ           Unusable   N/A       N/A         3
 Martyr's Knell           Necr/Summ      Unusable   N/A       N/A         4
 Death Channel            Necr           Unusable   N/A       N/A         6
 Summon Hydra             Summ           Unusable   N/A       N/A         7

Dungeon Overview and Level Annotations

Branches:
Dungeon (13/15)            Temple (0/1) D:7            Lair (5/5) D:8
  Swamp (3/4) Lair:3        Snake (4/4) Lair:3          Orc (2/2) D:11
    Elf (0/3) Orc:2       Gauntlet (visited)
  Slime: Lair:4-5    Vaults: D:13-14

Altars:
Elyvilon
Gozag
Hepliaklqana
Makhleb
Okawaru
Qazlal
Wu Jian
Xom
Yredelemnul
The Shining One
Jiyva

Shops:
D:5 *   D:8 =   D:9 ?   D:10 [   D:11 ([(*=   Orc:2 (:[*   Snake:1 :?*

Portals:
Abyss: D:6

Annotations:
D:3 1 runed translucent door
D:5 exclusion: downstairs
D:6 2 transporters, Gethsaine's ghost, novice DrSh
D:7 1 runed translucent door, exclusions: door and downstairs, Crazy Yiuf
Lair:2 exclusion: oklob plant
Lair:3 exclusion: oklob plant
Lair:4 exclusion: 3 oklob plants
Swamp:2 exclusion: 2 doors
Snake:4 4 exclusions
Orc:1 exclusion: downstairs


Innate Abilities, Weirdness & Mutations

You are an enormous serpent.
You have a powerful constriction melee attack.
Your maximum health is increased.
Your armour is entirely melded.
You are incapable of wielding weapons or throwing items.
You are too large for most types of armour.
((You have claws for hands.))
Your natural rate of healing is unusually fast.
((You are covered in fur. (AC +1)))
((You have tough skin. (AC +1)))


Message History

A ghost crab comes into view.
A bloated husk comes into view.
A tyrant leech comes into view.
A bloated husk comes into view. x2
The bloated husk explodes!
The blast of putrescent gases engulfs you!!
* * * LOW HITPOINT WARNING * * *
The ghost crab breathes spectral mist at you.
The spectral mist engulfs you.
Things that are here:
the serpent talisman of Past Mistakes {*Slow Fly rCorr Dex+5}; the guardian serpent corpse of Aizul You enter the shallow water.
You are engulfed in spectral mist.
The ghost crab breathes spectral mist at you.
The spectral mist engulfs the spectral death drake.
As you read the scroll of teleportation, it crumbles to dust.
You feel strangely unstable.
You are engulfed in spectral mist.
* * * LOW HITPOINT WARNING * * *
The four-headed hydra is engulfed in spectral mist.
The spectral death drake barely misses you.
You feel much better.
You are engulfed in spectral mist.
* * * LOW HITPOINT WARNING * * *
The spectral death drake bites you but does no damage.
The bloated husk explodes!
The blast of putrescent gases engulfs the ghost crab!!
The blast of putrescent gases engulfs the four-headed hydra!!
The blast of putrescent gases engulfs the bloated husk!!! x2
The blast of putrescent gases engulfs you!!
* * * LOW HITPOINT WARNING * * *
The blast of putrescent gases engulfs the spectral death drake!! x2
The bloated husk explodes!
The blast of putrescent gases engulfs the ghost crab!!!
The ghost crab is destroyed!
The spectral death drake fades away! x2
The blast of putrescent gases engulfs the four-headed hydra!!
The four-headed hydra dies!
The blast of putrescent gases engulfs the tyrant leech!!
The blast of putrescent gases engulfs you!!
* * * LOW HITPOINT WARNING * * *
The bloated husk explodes!
The blast of putrescent gases engulfs you!!!
You die...

~~~~♣≈≈≈≈....~# ~§~~.~.
Z~.~$♣≈♣~$~..~##~~~.w.
~~.~~~♣.~~~..~.n~~..§#
♣~~~..~~~~~..§†'~~♣
♣~...~~~..~....#w'### ### ##
~§~~.~~~~.~!○.≈°☼.#~###§#######~#
♣~.§.~...†...○°○☼○~.~~8~.8~~~§~≈~
♣.~~..~~~~~..○☼○§☼☼..............
♣.~§~♣...~~~♣♣.☼S○☼..~§.....~....
♣..~♣♣♣♣..~..○)°○~○~.~<~~..††....
♣♣.♣♣ ♣♣..~~~†~~~§~.~.~.~.♣.~~.~
~~.♣ ♣♣.)~♣)~...~.~~~♣♣♣..~.♣♣
~~.♣ ♣♣.÷.♣♣♣♣....~♣♣ ......♣
♣~~♣ ♣♣~♣♣♣ ♣.~~~.♣♣~~.~..♣♣ >..♣
♣..♣ ♣.~§~~~♣♣~♣♣♣♣♣ .~.♣ ♣..♣
♣~~~~~~♣♣♣ ♣~~♣ ♣~♣♣ ♣~.~...~♣♣


You could see a ghoul and a tyrant leech.

Vanquished Creatures
  Vashnia (Arena)
  Nikola (Arena)
  Aizul (Swamp:2)
  Gastronok (Lair:1)
  A thorn hunter (Swamp:1)
  4 nagarajas
  A fenstrider witch (Swamp:2)
  A stone giant (Orc:2)
  4 eleionomae
  Nessos (Arena)
  A bunyip (Swamp:2)
  3 ettins
  An ice dragon (Lair:5)
  4 salamander tyrants (Snake:4)
  Erica (D:8)
  Erolcha (Orc:2)
  2 ghost crabs
  7 alligators
  6 hydras
  A death knight (D:9)
  A boulder beetle (D:11)
  2 anacondas
  A centaur warrior (D:13)
  3 two-headed ogres
  15 naga warriors
  6 death yaks (Lair:5)
  21 naga sharpshooters
  5 shock serpents
  A skyshark (Lair:4)
  6 salamander mystics (Snake:4)
  A goliath frog (Swamp:3)
  2 spriggan druids
  A death drake (Swamp:2)
  3 mana vipers
  A swamp dragon (Swamp:1)
  Pikel (D:8)
  4 bog bodies
  4 naga ritualists
  4 lindwurms (Lair:5)
  An orc knight (Orc:1)
  An ugly thing (D:12)
  3 deep elf pyromancers (D:9)
  6 salamanders
  An orc sorcerer (Orc:1)
  5 will-o-the-wisps (Swamp:2)
  9 cyclopes
  14 elephants
  Maurice (D:7)
  2 kobold blastminers (Orc:1)
  18 naga magi
  A guardian serpent (Snake:3)
  37 black mambas
  6 torpor snails (Lair:5)
  10 cane toads
  A gargoyle (D:12)
  5 rime drakes
  An unseen horror (D:11)
  4 kobold demonologists
  7 komodo dragons
  10 hornets
  7 trolls
  4 polar bears
  8 tyrant leeches
  11 blink frogs
  7 dream sheep (Lair:5)
  9 slime creatures
  6 spriggans
  3 shadows (D:11)
  43 yaks
  5 wyverns
  6 steam dragons
  2 water elementals (D:9)
  2 wraiths
  A fire bat (D:10)
  4 wargs
  Eustachio (D:4)
  2 basilisks (Lair:5)
  9 vampire mosquitoes
  3 acid dragons
  67 nagas
  8 swamp worms
  21 water moccasins
  A hell hound (D:10)
  4 swamp drakes
  2 black bears (D:6)
  20 orc warriors
  2 sky beasts
  2 ice beasts
  2 laughing skulls (D:13)
  3 ogres
  26 wolves
  16 centaurs
  2 phantoms (D:6)
  8 kobold brigands
  23 bullfrogs
  6 scorpions
  18 wights
  23 killer bees
  4 howler monkeys
  3 bombardier beetles
  A human zombie (D:3)
  3 hounds
  14 orc priests
  8 jellies
  3 iguanas (D:6)
  3 sleepcaps
  6 orc wizards
  7 adders
  2 white imps
  2 ufetubi (D:6)
  A ribbon worm (D:3)
  61 orcs
  8 ball pythons
  7 bats
  5 endoplasms
  2 giant cockroaches
  3 hobgoblins
  6 jackals
  26 kobolds
  5 quokkas
  5 frilled lizards
  8 goblins
  A jackal zombie (D:3)
  A kobold zombie (D:3)
  7 rats
  A butterfly (Lair:2)
858 creatures vanquished.

Vanquished Creatures (others)
  A hydra (Swamp:2)
  A ghost crab (Swamp:2)
  7 bloated husks
  A hornet (Swamp:1)
  2 swamp worms (Swamp:2)
  34 foxfires (Swamp:2)
46 creatures vanquished.

Grand Total: 904 creatures vanquished

Notes
Turn   | Place    | Note
-------+----------+-------------------------------------------
     0 | D:1      | nightchill the Troll Fighter began the quest for the Orb.
     0 | D:1      | Reached XP level 1. HP: 22/22 MP: 0/0
   200 | D:1      | Reached XP level 2. HP: 23/29 MP: 1/1
   493 | D:1      | Reached skill level 3 in Unarmed Combat
   789 | D:2      | Reached XP level 3. HP: 36/36 MP: 2/2
   856 | D:2      | Found a hazy altar of Hepliaklqana.
   955 | D:2      | You fall into a shaft and drop 2 floors!
  1044 | D:3      | Found a runed translucent door.
  1044 | D:3      | Noticed a human
  1066 | D:3      | Reached XP level 4. HP: 33/45 MP: 3/3
  1087 | D:3      | Found a burning altar of Makhleb.
  1169 | D:3      | Reached skill level 4 in Unarmed Combat
  1469 | D:3      | Reached XP level 5. HP: 53/53 MP: 4/4
  1777 | D:3      | Found a basalt altar of Yredelemnul.
  2249 | D:4      | Noticed Eustachio
  2265 | D:4      | Killed Eustachio
  2266 | D:4      | Reached skill level 5 in Unarmed Combat
  2266 | D:4      | Reached XP level 6. HP: 55/62 MP: 5/5
  2379 | D:4      | Reached skill level 6 in Unarmed Combat
  3067 | D:5      | Entered Level 5 of the Dungeon
  3078 | D:5      | Reached XP level 7. HP: 71/71 MP: 6/6
  3205 | D:5      | Found an opulent altar of Gozag.
  3437 | D:5      | Reached skill level 7 in Unarmed Combat
  3586 | D:5      | Found Jinicoh's General Store.
  3707 | D:5      | Reached skill level 5 in Fighting
  3738 | D:6      | Reached XP level 8. HP: 53/80 MP: 7/7
  3739 | D:6      | Reached skill level 8 in Unarmed Combat
  3855 | D:6      | Found a transporter.
  3858 | D:6      | Noticed Gethsaine's ghost (novice DrSh)
  3861 | D:6      | Found a one-way gate to the infinite horrors of the Abyss.
  3862 | D:6      | Found a transporter.
  4255 | D:6      | Reached skill level 9 in Unarmed Combat
  5064 | D:7      | Found a runed translucent door.
  5067 | D:7      | Noticed Crazy Yiuf
  5151 | D:7      | Reached XP level 9. HP: 85/89 MP: 8/8
  5178 | D:7      | Found an iron altar of Okawaru.
  5190 | D:7      | Noticed Maurice
  5191 | D:7      | Reached skill level 10 in Unarmed Combat
  5198 | D:7      | Killed Maurice
  5268 | D:7      | Became a worshipper of Warmaster Okawaru
  5286 | D:7      | Found a stormy altar of Qazlal.
  5530 | D:7      | Found a staircase to the Ecumenical Temple.
  5715 | D:7      | Reached skill level 11 in Unarmed Combat
  5793 | D:7      | Found a white marble altar of Elyvilon.
  5856 | D:8      | Noticed Erica
  5952 | D:8      | Reached skill level 1 in Invocations
  5953 | D:8      | Reached * piety under Okawaru
  6075 | D:8      | Reached XP level 10. HP: 102/102 MP: 10/10
  6078 | D:8      | Reached ** piety under Okawaru
  6187 | D:8      | Reached skill level 12 in Unarmed Combat
  6275 | D:8      | Found an ornate altar of the Wu Jian Council.
  6427 | D:8      | Killed Erica
  6427 | D:8      | Reached *** piety under Okawaru
  6468 | D:8      | Noticed a two-headed ogre
  6473 | D:8      | Killed a two-headed ogre
  6608 | D:8      | Found Buxext's Jewellery Emporium.
  6679 | D:8      | Found a staircase to the Lair.
  6884 | D:8      | Noticed Pikel
  6889 | D:8      | Killed Pikel
  6890 | D:8      | Reached skill level 13 in Unarmed Combat
  6892 | D:8      | Reached **** piety under Okawaru
  7019 | D:9      | Reached XP level 11. HP: 110/113 MP: 13/13
  7312 | D:9      | Reached skill level 5 in Invocations
  7418 | D:9      | Reached ***** piety under Okawaru
  7726 | D:9      | Noticed a death knight
  7733 | D:9      | Killed a death knight
  7734 | D:9      | Reached skill level 14 in Unarmed Combat
  7871 | D:9      | Noticed a deep elf pyromancer
  7886 | D:9      | Killed a deep elf pyromancer
  7941 | D:9      | Found Wela's Magic Scroll Emporium.
  7945 | D:9      | Noticed a deep elf pyromancer
  7963 | D:9      | Noticed a deep elf pyromancer
  7967 | D:9      | Killed a deep elf pyromancer
  7967 | D:9      | Received a gift from Okawaru
  8010 | D:9      | Killed a deep elf pyromancer
  8605 | Lair:1   | Entered Level 1 of the Lair of Beasts
  8661 | Lair:1   | Identified a scroll of acquirement
  8662 | Lair:1   | Acquired 770 gold pieces
  8742 | D:8      | Bought the amulet "Bestryvo" {rC+ rN+++ Regen+ Str+2 Int-5
                  | Stlth+} for 676 gold pieces
  8984 | Lair:1   | Reached XP level 12. HP: 115/123 MP: 15/15
  9088 | Lair:1   | Received a gift from Okawaru
  9106 | Lair:1   | Reached skill level 15 in Unarmed Combat
  9106 | Lair:1   | Noticed Gastronok
  9113 | Lair:1   | Killed Gastronok
  9776 | Lair:2   | Reached skill level 1 in Shapeshifting
 10215 | Lair:2   | Noticed a four-headed hydra
 10226 | Lair:2   | Killed a one-headed hydra
 10716 | Lair:3   | Noticed Nessos
 10718 | Arena    | Entered the Arena
 10724 | Arena    | Killed Nessos
 10807 | Lair:3   | Reached skill level 10 in Fighting
 11058 | Lair:3   | Found a staircase to the Swamp.
 11173 | Lair:3   | Noticed a five-headed hydra
 11190 | Lair:3   | Killed a one-headed hydra
 11191 | Lair:3   | Reached skill level 5 in Shapeshifting
 11344 | Lair:3   | Reached XP level 13. HP: 121/133 MP: 18/18
 11419 | Lair:3   | Found a staircase to the Snake Pit.
 11714 | Lair:3   | Received a gift from Okawaru
 12466 | Lair:4   | Reached skill level 16 in Unarmed Combat
 12530 | Lair:4   | Received a gift from Okawaru
 12790 | Lair:4   | Found a viscous altar of Jiyva.
 13012 | D:10     | Entered Level 10 of the Dungeon
 13012 | D:10     | Found Timoj's Armour Boutique.
 13028 | D:10     | Bought the scarf of the Sea {repulsion, Will+ Stlth+} for
                  | 330 gold pieces
 13050 | D:10     | Found a glowing golden altar of the Shining One.
 13479 | D:10     | Found a shimmering altar of Xom.
 14154 | D:11     | Found a staircase to the Orcish Mines.
 14211 | Orc:1    | Entered Level 1 of the Orcish Mines
 14427 | Orc:2    | Entered Level 2 of the Orcish Mines
 14537 | Orc:2    | Noticed an ettin
 14789 | Orc:2    | Found Puhad's General Store.
 14796 | Orc:2    | Noticed Erolcha
 14883 | Orc:1    | Killed an ettin
 14934 | Orc:2    | Killed Erolcha
 15090 | Orc:2    | Noticed a stone giant
 15091 | Orc:2    | Found Hika Efof's Book Emporium.
 15167 | Orc:2    | Reached XP level 14. HP: 126/146 MP: 19/19
 15366 | Orc:2    | Killed a stone giant
 15643 | Orc:2    | Found Kuttian's Antique Weapon Shoppe.
 15721 | Orc:2    | Found a staircase to the Elven Halls.
 15748 | Orc:2    | Found Vofie's Antique Armour Emporium.
 16084 | D:11     | Found Rukeorch's Assorted Antiques.
 16204 | D:11     | Bought a potion of heal wounds for 130 gold pieces
 16248 | D:11     | Found Helyst's Armour Emporium.
 16328 | D:11     | Found Iwulour's Jewellery Boutique.
 16336 | D:11     | Found Ganwosh's Antique Weapon Boutique.
 16493 | D:11     | Found Jomny's Weapon Emporium.
 16851 | Orc:2    | Bought a potion of experience for 550 gold pieces
 16851 | Orc:2    | Reached skill level 10 in Shapeshifting
 16851 | Orc:2    | Reached XP level 15. HP: 154/154 MP: 21/21
 17207 | D:12     | Found a gate leading to a gauntlet.
 17212 | D:12     | Found a viscous altar of Jiyva.
 17245 | Gauntlet | Entered a Gauntlet
 17245 | Gauntlet | Found a transporter.
 17245 | Gauntlet | Found a transporter.
 18258 | Lair:5   | Entered Level 5 of the Lair of Beasts
 18341 | Lair:5   | Reached skill level 17 in Unarmed Combat
 19838 | Lair:5   | Received a gift from Okawaru
 20577 | Snake:1  | Entered Level 1 of the Snake Pit
 20629 | Snake:1  | Reached XP level 16. HP: 165/165 MP: 22/22
 20686 | Snake:1  | Found Bootabb's Book Emporium.
 20918 | Snake:1  | Reached skill level 18 in Unarmed Combat
 21220 | Snake:1  | Found Vyeviesu's Magic Scroll Boutique.
 21225 | Snake:1  | Found Baopafeve's General Store.
 21350 | Snake:1  | Found a glowing golden altar of the Shining One.
 22531 | Snake:2  | Received a gift from Okawaru
 23982 | Snake:3  | Received a gift from Okawaru
 25349 | Snake:4  | Entered Level 4 of the Snake Pit
 25455 | Snake:4  | Reached skill level 19 in Unarmed Combat
 25849 | Snake:4  | Received a gift from Okawaru
 26285 | Snake:4  | Reached ****** piety under Okawaru
 26362 | Snake:3  | Acquired the +1 swamp dragon scales of Bocidafa {rPois rN++
                  | rCorr SInv Stlth-}
 26362 | Snake:3  | Received a gift from Okawaru
 26375 | Snake:3  | Acquired a +2 lajatang of speed
 26375 | Snake:3  | Received a gift from Okawaru
 26546 | Snake:4  | Reached XP level 17. HP: 175/175 MP: 23/23
 26695 | Snake:4  | Noticed Nikola
 26699 | Arena    | Entered the Arena
 26706 | Arena    | Killed Nikola
 26995 | Snake:4  | HP: 10/210 [poisoned by a naga warrior (splash of poison)]
 27227 | Snake:4  | Noticed Vashnia
 27233 | Arena    | Entered the Arena
 27242 | Arena    | Killed Vashnia
 27559 | Snake:4  | Received a gift from Okawaru
 27634 | Arena    | Entered the Arena
 28151 | Snake:4  | Got the Almanac of the Snow-white Compass
 28161 | Snake:4  | Got a serpentine rune of Zot
 28414 | Swamp:1  | Entered Level 1 of the Swamp
 28433 | Arena    | Entered the Arena
 28454 | Swamp:1  | Reached skill level 15 in Shapeshifting
 28801 | Swamp:1  | Reached skill level 20 in Unarmed Combat
 28970 | Swamp:1  | Acquired the -2 hat of the Alchemist {rElec rPois rF+ rC+
                  | rN+ Will+ rMut rCorr}
 28970 | Swamp:1  | Found the -2 hat of the Alchemist {rElec rPois rF+ rC+ rN+
                  | Will+ rMut rCorr}
 29321 | Swamp:2  | Identified the serpent talisman of Past Mistakes {*Slow Fly
                  | rCorr Dex+5}
 29321 | Swamp:2  | Noticed Aizul
 29349 | Swamp:2  | Paralysed by a fenstrider witch for 5 turns
 29366 | Swamp:2  | HP: 9/213 [will-o-the-wisp (15)]
 29475 | Swamp:2  | Got the Grimoire of a Billion Runes
 29631 | Swamp:2  | Killed Aizul
 29652 | Swamp:2  | HP: 5/213 [spore (34)]
 29652 | Swamp:2  | Killed by an exploding bloated husk

Illustrated notes

Levels and vault maps discovered:
D:1:      spicycebolla_arrival_xxxplode, layout_basic, minmay_tree_intersection,
          nrook_mini_backslash
D:2:      layout_rooms, basic_altar
D:3:      layout_rooms, mainiacjoe_overflow_boulevard, dk_yredelemnul_ordeal,
          serial_rivers, chequers_serial_rivers_small_a,
          chequers_serial_rivers_micro_d, chequers_serial_rivers_micro_e,
          chequers_serial_rivers_large_a, chequers_serial_rivers_small_3,
          chequers_serial_rivers_micro_c, kennysheep_cluttered_room
D:4:      layout_basic, serial_glass, glass_columns_a, glass_columns_c,
          minmay_diced_spiral, uniq_eustachio
D:5:      layout_loops_cross, nicolae_gozag_cash_rules_everything_around_me,
          serial_shops, shop_statue
D:6:      layout_loops_corners, gammafunk_ghost_abyssal_escape
D:7:      layout_basic, kennysheep_mini, mainiacjoe_overflow_cross_hatched,
          okawaru_gym_becter, minmay_temple_entry_junction_2,
          kennysheep_minor_cross, uniq_maurice, uniq_crazy_yiuf_cottage
D:8:      minmay_s_stair_smasher, layout_basic,
          pdpol_wu_jian_five_deadly_venoms, serial_shops,
          nicolae_lakefront_shop, dreamdust_wishing_well, uniq_pikel, uniq_erica
D:9:      regret_index_early_branch_jog, layout_basic, grunt_ministairs_15
D:10:     layout_roguey, tso_metal_star, regret_index_xom_of_box, serial_shops,
          nicolae_stop_n_shop_1
D:11:     layout_cave_pods, david_orc_2, serial_shops, shop, shop,
          nicolae_shop_competitors_out_of_business, nicolae_square_shop,
          nicolae_shop_tiny_glass, minmay_misc_feat_ornament,
          kennysheep_generic_room_5
D:12:     layout_basic, gauntlet_entry_generic, chequers_serial_rivers_small_b,
          jiyva_altar_1
D:13:     cheibrodos_wizards_tower, layout_rooms, david_vaults_3
Lair:1:   layout_regular_city, minmay_holes, uniq_gastronok
Lair:2:   layout_layer_cave, lemuel_fruit_fields, serial_bayou_shore_a
Lair:3:   cheibrodos_lair_river_kwai, layout_hall_layers,
          skrybe_swamp_entry_bodies, guppyfry_snake_entry_garden,
          serial_bayou_lagoon_a, beast_lair_carwin_3, uniq_nessos
Lair:4:   layout_loops_ring, minmay_slime_entry_oklob_enclosed,
          lemuel_fruit_fields, infiniplex_staircase_pool_2, grunt_megastairs_1,
          lemuel_fruit_fields, lemuel_fruit_fields
Lair:5:   hangedman_lair_in_review, layout_cave_pods, wormcave
Swamp:1:  layout_basic_swamp, hangedman_swamp_ruin_wall, swamp_pool_3,
          infiniplex_staircase_pool
Swamp:2:  regret_index_all_hallows'_manor, layout_falls_marsh, swamp_pool_1_2,
          uniq_aizul
Swamp:3:  layout_basic_swamp, evilmike_swamp_ruin_house_6, swamp_pool_1_2
Snake:1:  layout_chambers, basic_altar, serial_shops,
          nicolae_book_shop_shelving, serial_bayou_shore_b, minmay_shop_star
Snake:2:  layout_chambers, nicolae_triple_integral
Snake:3:  layout_chambers, lemuel_fruit_tree
Snake:4:  minmay_snake_end_coiled, layout_onion, uniq_vashnia, uniq_nikola
Orc:1:    layout_caves
Orc:2:    grunt_orc_gardens, layout_diamond_mine, grunt_orc_garden,
          grunt_orc_garden, grunt_orc_garden, grunt_orc_garden, uniq_erolcha

Skill      XL: |  1  2  3  4  5  6  7  8  9 10 11 12 13 14 15 16 17 |
---------------+----------------------------------------------------+-----
Unarmed Combat | 3 4 5 6 7 9 11 13 14 15 16 17 19 20 | 20.3
Fighting       | 3 4 5 6 7 8 9 10 11 12 13 | 13.4
Invocations    | 2 4 6 8 9 |  9.5
Shapeshifting  | 5 8 10 12 14 15 | 15.5
Dodging        | |  2.4
Shields        | |  2.6

Action                     |  1- 3 |  4- 6 |  7- 9 | 10-12 | 13-15 | 16-18 || total
---------------------------+-------+-------+-------+-------+-------+-------++-------
  Melee: Unarmed           |   125 |   124 |   210 |   501 |   732 |   708 ||  2400
         Scimitar          |       |       |       |    17 |     9 |       ||    26
         Constrict         |       |       |       |       |    21 |   155 ||   176
         Punch             |       |       |       |       |    12 |       ||    12
  Throw: Large rock        |       |     4 |     2 |    14 |    15 |       ||    35
 Invoke: Heroism           |       |       |       |     8 |    30 |    10 ||    48
         Finesse           |       |       |       |     2 |     2 |       ||     4
         Duel              |       |       |       |     1 |       |     4 ||     5
         Receive Weapon    |       |       |       |       |       |     1 ||     1
         Receive Armour    |       |       |       |       |       |     1 ||     1
Ability: Begin Untransform |       |       |       |       |     2 |     2 ||     4
    Use: Scroll            |     1 |     2 |     8 |    10 |     7 |    13 ||    41
         Potion            |       |       |       |     2 |     2 |     9 ||    13
   Stab: Sleeping          |       |     1 |     2 |     3 |     8 |     4 ||    18
         Distracted        |       |       |       |       |     2 |     1 ||     3
 Armour: Robe              |    70 |    47 |    82 |       |       |       ||   199
         Steam dragon scal |       |       |    11 |   293 |   136 |       ||   440
         Skin              |       |       |       |    20 |    39 |   662 ||   721
         Acid dragon scale |       |       |       |       |   102 |       ||   102
         Troll leather arm |       |       |       |       |   287 |       ||   287
  Dodge: Dodged            |    33 |    29 |    36 |   110 |   295 |   254 ||   757
         Repelled          |       |       |       |       |     6 |       ||     6
  Block: Kite shield       |    36 |   108 |   123 |   304 |   239 |       ||   810
         Reflection        |       |     2 |     7 |     3 |       |       ||    12
   Form: Blade             |       |       |       |       |     3 |       ||     3
         Serpent           |       |       |       |       |     2 |     2 ||     4
